Map: Opérations galactiques EC

Players

Phantom - Winner!

  • Race: Terran Terran
  • League: Gold
  • Spawn Location: 7:00

zidar

  • Race: Zerg Zerg
  • League: Platinum
  • Spawn Location: 1:00

VOD

Have the link to the VOD?

Description

Time

  • Played on: Oct. 10, 2016, 2:43 p.m.
  • Length: 13:41
Show
View Real Time Build Order
Export as new Build Order

Phantom Terran - Winner!

Build Orders: Gas First Reaper Expand 

Get SALT Encoding   

  12  0:01  SCV  
  13  0:13  SCV  
  14  0:19  Supply Depot  
  14  0:25  SCV  
  15  0:31  Refinery  
  15  0:40  SCV  
  16  0:46  Barracks  
  16  1:03  SCV  
  17  1:16  SCV  
  18  1:28  SCV  
  19  1:33  Reaper  
  19  1:34  Supply Depot  
  20  1:40  Orbital Command  
  20  2:06  Command Center  
  20  2:12  Barracks Reactor  
  20  2:22  SCV  
  21  2:24  Factory  
  21  2:27  Refinery  
  21  2:34  SCV  
  22  2:54  Marine x2  
  24  3:11  Marine  
  24  3:12  Marine  
  26  3:28  SCV  
  26  3:29  Marine x2  
  26  3:31  Starport  
  29  3:37  Barracks  
  29  3:41  Engineering Bay  
  29  3:47  Orbital Command  
  29  3:59  Barracks Tech Lab, Command Center  
  29  4:07  Hellion x2  
  33  4:20  Stimpack  
  33  4:21  Marauder  
  33  4:22  Medivac  
  37  4:26  Barracks Reactor  
  37  4:32  Hellion x2  
  37  4:37  SCV  
  42  4:38  SCV  
  43  4:48  Supply Depot  
  43  4:49  SCV  
  43  4:50  SCV  
  43  4:52  Terran Infantry Weapons Level 1  
  45  5:01  SCV  
  45  5:05  Marine x2  
  46  5:10  SCV  
  47  5:15  Hellion x2  
  47  5:17  Marauder  
  53  5:22  SCV, Supply Depot  
  53  5:23  Marine x2  
  53  5:25  Medivac  
  49  5:46  Marauder  
  52  5:54  Widow Mine, SCV  
  53  6:01  Marine  
  53  6:02  Marine  
  57  6:06  SCV  
  57  6:07  Widow Mine  
  58  6:27  Marine x2  
  58  6:28  Barracks  
  58  6:30  Medivac  
  58  6:31  Barracks, Marauder  
  64  6:34  Barracks  
  62  7:22  Marine x2  
  62  7:26  Marauder  
  61  7:35  Widow Mine  
  61  7:40  Marine  
  62  7:48  Orbital Command  
  62  8:25  Missile Turret  
  62  8:29  Supply Depot  
  62  8:30  Supply Depot  
  62  8:32  Missile Turret  
  62  8:37  Marine x3, Marauder  
  62  8:38  Supply Depot  
  62  8:41  Supply Depot  
  69  8:44  Widow Mine  
  69  8:54  Marine x3  
  72  8:58  Widow Mine  
  72  8:59  Marauder  
  65  9:05  Marine x2  
  61  9:11  Marine  
  61  9:12  Marine  
  61  9:15  Marine  
  41  9:20  Marine  
  41  9:23  Marine x2  
  34  9:33  Marine x2  
  33  9:49  Bunker  
  33  9:52  Bunker  
  27  10:42  SCV  
  27  10:49  Orbital Command  
  27  10:55  SCV  
  28  11:02  Barracks Tech Lab  
  28  11:03  Barracks Tech Lab  
  28  11:07  SCV  
  29  11:19  SCV  
  30  11:26  Marauder, Combat Shield  
  30  11:27  Marauder  
  30  11:28  Liberator  
  30  11:30  SCV  
  30  11:31  SCV  
  38  11:36  Widow Mine  
  38  11:42  SCV  
  38  11:43  SCV  
  42  11:54  SCV  
  42  11:55  SCV  
  43  12:03  Marine x3, Marauder  
  43  12:04  Marine  
  43  12:06  SCV  
  43  12:07  SCV  
  53  12:12  Widow Mine  
  53  12:18  SCV  
  53  12:19  SCV  
  53  12:22  Marauder  
  55  12:36  Marauder  
  57  12:42  Marine  
  57  12:43  Marauder  
  60  12:47  Hellion  
  60  12:49  Medivac  
  64  12:53  Concussive Shells  
  64  12:55  SCV  
  64  12:57  Marauder  
  67  13:00  Barracks  
  67  13:01  Barracks  
  67  13:05  Marauder  
  69  13:07  SCV  
  69  13:09  Refinery  
  69  13:11  Refinery, SCV  
  71  13:16  Refinery  
  71  13:19  SCV  
Show
View Real Time Build Order
Export as new Build Order

zidar Zerg 

Build Orders: Hatch First 

Get SALT Encoding   

  12  0:01  Drone  
  13  0:12  Overlord  
  13  0:17  Drone  
  14  0:31  Drone x2  
  16  0:50  Hatchery  
  16  0:53  Drone  
  16  0:58  Extractor  
  16  0:59  Drone  
  16  1:16  Spawning Pool  
  15  1:19  Drone  
  15  1:24  Drone  
  17  1:29  Drone  
  18  1:33  Drone  
  19  2:03  Metabolic Boost  
  19  2:05  Queen  
  19  2:06  Queen  
  23  2:08  Zergling x2  
  23  2:12  Zergling x2  
  24  2:24  Zergling x2  
  25  2:52  Drone x3  
  27  3:26  Roach Warren  
  26  3:29  Queen  
  28  3:50  Extractor  
  28  3:51  Drone  
  28  3:54  Overlord x5  
  28  4:16  Roach x6  
  28  4:17  Roach x5  
  50  4:36  Lair  
  50  4:54  Drone  
  50  4:55  Drone x7  
  57  5:35  Ravager  
  57  5:51  Ravager  
  57  5:52  Ravager  
  59  5:57  Overlord x4  
  59  5:58  Overlord  
  59  6:28  Roach x2  
  59  6:29  Roach x5  
  59  6:31  Ravager  
  63  7:00  Roach  
  63  7:01  Roach x4  
  59  7:40  Roach x6  
  71  8:00  Ravager  
  71  8:03  Ravager  
  73  8:09  Ravager  
  34  9:37  Roach x3  
  40  9:44  Ravager  
  39  9:55  Ravager x2  
  39  9:59  Ravager  
  39  10:03  Ravager  
  15  11:01  Overseer  
  15  11:05  Hatchery  
  14  11:14  Roach x3  
  20  11:41  Roach x4  
  26  12:10  Roach x5  
  26  12:13  Overseer  
  35  12:52  Ravager  
  35  12:54  Ravager  
  37  13:01  Ravager  
Tags
 
Add a new tag
Caveats
  • Supply blocks, unpowered buildings, or Contaminate may cause inaccurate times.
  • Supply counts are checked every 10 seconds.